 Dungeon Crawl Stone Soup version 0.18.1-1-g2f07953 (webtiles) character file.

380 EveningNews the Cudgeler (level 6, -2/37 HPs)
             Began as a Gargoyle Berserker on May 7, 2016.
             Was a Priest of Trog.
             Slain by a phantom (6 damage)
             ... on level 4 of the Dungeon.
             The game lasted 00:08:43 (3390 turns).

EveningNews the Cudgeler (Gargoyle Berserker)       Turns: 3390, Time: 00:08:44

Health: -2/37      AC:  7    Str: 20    XL:     6   Next: 75%
Magic:  6/6        EV: 12    Int:  8    God:    Trog [***...]
Gold:   236        SH:  0    Dex: 11    Spells: 0 memorised, 5 levels left

rFire  . . .     SeeInvis .     a - +0 mace
rCold  . . .     Gourm    .     b - +0 animal skin
rNeg   + . .     Faith    .     (no shield)
rPois  ∞         Spirit   .     (no helmet)
rElec  +         Dismiss  .     (no cloak)
rCorr  .         Reflect  .     (no gloves)
SustAt .         Harm     .     r - +0 pair of boots
MR     .....                    (no amulet)
Stlth  +.........               (no ring)
                                (no ring)

@: exhausted, not resistant to hostile enchantments, very unstealthy
A: negative energy resistance 1, electricity resistance, unbreathing,
petrification resistance, rot immunity, AC +4
a: Berserk, Trog's Hand, Burn Spellbooks, Renounce Religion


You were on level 4 of the Dungeon.
You worshipped Trog.
Trog was most pleased with you.
You were hungry.

You visited 1 branch of the dungeon, and saw 4 of its levels.

You collected 236 gold pieces.

Inventory:

Hand Weapons
 a - a +0 mace (weapon)
Armour
 b - a +0 animal skin (worn)
 r - a +0 pair of boots (worn)
Jewellery
 f - an uncursed ring of positive energy {unknown}
 i - an uncursed amulet of magic regeneration {unknown}
 n - an uncursed ring of flight {unknown}
 o - a +3 ring of evasion {unknown}
Scrolls
 e - 3 scrolls of identify {unknown}
 g - a scroll of random uselessness {unknown}
 h - a scroll of noise {unknown}
 j - 2 scrolls of enchant weapon {unknown}
 l - 2 scrolls of immolation {unknown}
 p - a scroll of remove curse {unknown}
 t - a scroll of fog {unknown}
 v - 2 scrolls of teleportation {unknown}
 x - a scroll of enchant armour {unknown}
Potions
 d - 4 potions of haste {unknown}
 m - a potion of degeneration {unknown}
 u - 2 potions of lignification {unknown}
 w - a potion of brilliance {unknown}
Comestibles
 c - a bread ration
 q - 2 royal jellies
 s - 4 fruits
 z - a slice of pizza


   Skills:
 - Level 3.4 Fighting
 + Level 7.2 Maces & Flails
 - Level 2.3 Armour
 - Level 1.6 Dodging


You had 5 spell levels left.
You didn't know any spells.

Dungeon Overview and Level Annotations

Branches:
Dungeon (4/15)
 Temple: D:4-7

Altars:
Ashenzari
Okawaru
Qazlal
Xom


Innate Abilities, Weirdness & Mutations

You are resistant to torment.
Your stone body is resilient (AC +4).
You are immune to poison.
You resist negative energy.
You are resistant to electric shocks.
You can survive without breathing.
You are immune to petrification.
You are immune to rotting.


Message History

* * * LOW HITPOINT WARNING * * *
The phantom blinks!
You feel yourself speed up.
The phantom hits you but does no damage.
The phantom blinks!
You sock the phantom!
The phantom is severely damaged.
The phantom hits you.
* * * LOW HITPOINT WARNING * * *
You closely miss the phantom.
The phantom is severely damaged.
The phantom completely misses you.
You completely miss the phantom.
The phantom is severely damaged.
The phantom hits you.
* * * LOW HITPOINT WARNING * * *
You closely miss the phantom.
The phantom is severely damaged.
The phantom hits you.
You die...

########
##......##
##........##
#..........#
#..........#
#.........$#
#!.........##
#....@W.....#
##........#.#####
##........#..%..#
#........$..#
#...........#
#...........#
#...........#
#.<.........#
##....(...#.#


You could see a phantom.

Vanquished Creatures
  Sigmund (D:3)
  An orc priest (D:3)
  6 adders
  4 gnolls (D:3)
  An ooze (D:3)
  2 dart slugs
  A giant gecko (D:1)
  8 orcs (D:3)
  2 giant cockroaches
  10 goblins
  8 hobgoblins
  7 jackals (D:1)
  2 ball pythons
  14 bats
  3 giant newts
  13 kobolds
  5 rats
88 creatures vanquished.

Notes
Turn   | Place    | Note
--------------------------------------------------------------
     0 | D:1      | EveningNews the Gargoyle Berserker began the quest for the Orb.
     0 | D:1      | Reached XP level 1. HP: 14/14 MP: 1/1
    71 | D:1      | Reached XP level 2. HP: 8/19 MP: 2/2
   601 | D:1      | You fall through a shaft!
   783 | D:1      | Reached XP level 3. HP: 22/23 MP: 3/3
   817 | D:1      | Reached skill level 4 in Maces & Flails
  1039 | D:1      | Reached ** piety under Trog
  1538 | D:2      | Reached XP level 4. HP: 28/28 MP: 4/4
  1580 | D:2      | You fall through a shaft for 2 floors!
  1654 | D:3      | Reached skill level 5 in Maces & Flails
  1738 | D:3      | Reached XP level 5. HP: 28/32 MP: 5/5
  1748 | D:3      | Found a stormy altar of Qazlal.
  1985 | D:3      | Found a shattered altar of Ashenzari.
  1987 | D:3      | Reached *** piety under Trog
  2008 | D:3      | Reached skill level 6 in Maces & Flails
  2118 | D:3      | Noticed Sigmund
  2416 | D:2      | Found an iron altar of Okawaru.
  2428 | D:2      | Found a shimmering altar of Xom.
  2987 | D:3      | Killed Sigmund
  2987 | D:3      | Reached skill level 7 in Maces & Flails
  2987 | D:3      | Reached XP level 6. HP: 26/37 MP: 6/6
  3322 | D:4      | Noticed a phantom
  3390 | D:4      | Slain by a phantom

Skill      XL: |  1  2  3  4  5 |
---------------+----------------+-----
Maces & Flails | 4 5 7 |  7.2
Fighting       | |  3.4
Armour         | |  2.3
Dodging        | |  1.6

Action                   |  1- 3 |  4- 6 || total
-------------------------+-------+-------++-------
Melee: Mace              |   128 |   215 ||   343
Invok: Berserk           |       |     4 ||     4
 Stab: Sleeping          |     1 |       ||     1
  Eat: Chunk             |     2 |     5 ||     7
       Pizza             |       |     1 ||     1
       Fruit             |       |     2 ||     2
       Beef jerky        |       |     1 ||     1
Armor: Animal skin       |    53 |    81 ||   134
Dodge: Dodged            |   123 |   150 ||   273
